 Dungeon Crawl Stone Soup version 0.32-a0-913-g739538a (webtiles) character file.

Game seed: 16054134723981722119

1002116 10x100sm the Formicid Barricade (level 27, -25/242 HPs)
             Began as a Formicid Fighter on Apr 8, 2024.
             Was the Champion of the Shining One.
             Annihilated by Cerebov
             ... wielding the +6 sword of Cerebov {flame}
              (57 damage)
             ... in Pandemonium on Apr 9, 2024.
             The game lasted 04:01:03 (74211 turns).

10x100sm the Formicid Barricade (Formicid Fighter) Turns: 74211, Time: 04:01:03

Health: -25/242    AC: 49    Str: 41    XL:     27
Magic:  41/47      EV: 16    Int:  7    God:    the Shining One [******]
Gold:   5958       SH: 41    Dex: 13    Spells: 26/26 levels left

rFire   + + .        a - +9 longbow of Gallantry {heavy, rN+ Will+ rCorr}
rCold   + + .        e - +2 tower shield {AC+3}
rNeg    + + +        Q - +15 Maxwell's patent armour {-Cast -Tele rElec Will+ rCorr}
rPois   +            (helmet unavailable)
rElec   +            D - +1 cloak
rCorr   +            i - +0 pair of gloves of the Sea {Harm rElec rC+}
SInv    +            Y - +3 pair of seven-league boots {Rampage+∞}
Will    ++++.        f - amulet "Gyownico" {-Cast rPois rC+ Regen+ Str+3} Stlth
                     k - ring of Pustry {rF+ rN++ rCorr}
HPRegen 1.40/turn    l - ring "Ughyi" {rF++ rCorr MP+9 Str+2 Stlth-}
MPRegen 0.30/turn

%: no spellcasting, harm (+30% outgoing, +20% incoming), rampage+∞
@: mighty, divinely shielded, fire vulnerable, glowing
A: permanent stasis, dig shafts and tunnels, antennae 3, four strong arms,
mutation resistance 1
}: 9/15 runes: serpentine, barnacled, slimy, silver, abyssal, demonic, glowing,
magical, dark
a: Dig, Renounce Religion, Divine Shield, Cleansing Flame, Summon Divine Warrior


You were in Pandemonium.
You worshipped the Shining One.
The Shining One was exalted by your worship.
You visited 12 branches of the dungeon, and saw 53 of its levels.
You visited Pandemonium 2 times, and saw 17 of its levels.
You visited the Abyss 1 time.
You also visited: Trove, Ossuary, Bailey, Gauntlet and Wizlab.

You collected 9992 gold pieces.
You spent 4034 gold pieces at shops.

Inventory:

Hand Weapons
 a - the +9 longbow of Gallantry (weapon) {heavy, rN+ Will+ rCorr}
   (You found it on level 3 of the Crypt)

   rN+:       It protects you from negative energy.
   Will+:     It increases your willpower.
   rCorr:     It protects you from acid and corrosion.
 b - a +9 executioner's axe of holy wrath
 j - a +9 spectral executioner's axe
 m - a +2 antimagic great mace
Missiles
 u - 22 curare-tipped darts
 E - 6 throwing nets
Armour
 e - a +2 tower shield of protection (worn)
 i - the +0 pair of gloves of the Sea (worn) {Harm rElec rC+}
   (You found it in a treasure trove)

   rC+:       It protects you from cold.
   rElec:     It insulates you from electricity.
   Harm:      It increases damage dealt and taken.
 D - a +1 cloak (worn)
 J - a +2 tower shield of fire resistance
 Q - the +15 Maxwell's patent armour (worn) {-Cast -Tele rElec Will+ rCorr}
   (Okawaru gifted it to you on level 4 of the Lair of Beasts)

   rElec:     It insulates you from electricity.
   Will+:     It increases your willpower.
   -Cast:     It prevents spellcasting.
   -Tele:     It prevents most forms of teleportation.
   rCorr:     It protects you from acid and corrosion.
 Y - the +3 pair of seven-league boots (worn) {Rampage+∞}
   (You acquired it on level 5 of the Vaults)

   Rampage+∞: When moving toward enemies, its wearer moves as far as possible,
   alerting their target en route.
Jewellery
 f - the amulet "Gyownico" (around neck) {-Cast rPois rC+ Regen+ Str+3}
   (You found it on level 4 of the Shoals)

   [amulet of regeneration]

   Str+3:     It affects your strength (+3).
   rC+:       It protects you from cold.
   rPois:     It protects you from poison.
   -Cast:     It prevents spellcasting.
   Regen+:    It increases your rate of health regeneration.
 g - the ring "Jish" {rC+ rN+ Str+2 Dex+6}
   (You took it off a demonspawn blood saint in Pandemonium)

   [ring of dexterity]

   Str+2:     It affects your strength (+2).
   Dex+6:     It affects your dexterity (+6).
   rC+:       It protects you from cold.
   rN+:       It protects you from negative energy.
 h - the amulet "Nixzawuc" {rElec rF+ Will++ Regen+ Dex-2}
   (You found it on level 5 of the Pits of Slime)

   [amulet of regeneration]

   Dex-2:     It affects your dexterity (-2).
   rF+:       It protects you from fire.
   rElec:     It insulates you from electricity.
   Will++:    It greatly increases your willpower.
   Regen+:    It increases your rate of health regeneration.
 k - the ring of Pustry (left hand) {rF+ rN++ rCorr}
   (You took it off a skeletal warrior on level 3 of the Crypt)

   [ring of resist corrosion]

   rF+:       It protects you from fire.
   rN++:      It greatly protects you from negative energy.
   rCorr:     It protects you from acid and corrosion.
 l - the ring "Ughyi" (right hand) {rF++ rCorr MP+9 Str+2 Stlth-}
   (You bought it in a shop on level 3 of the Elven Halls)

   [ring of magical power]

   Str+2:     It affects your strength (+2).
   rF++:      It greatly protects you from fire.
   MP+9:      It affects your magic capacity (+9).
   rCorr:     It protects you from acid and corrosion.
   Stlth-:    It makes you less stealthy.
 n - the ring of the Past {rPois rN+ Str+2 Int+2}
   (You bought it in a shop on level 1 of the Elven Halls)

   [ring of poison resistance]

   Str+2:     It affects your strength (+2).
   Int+2:     It affects your intelligence (+2).
   rPois:     It protects you from poison.
   rN+:       It protects you from negative energy.
 q - the ring "Ywuimoh" {rPois rF+ Will+}
   (You found it in a treasure trove)

   [ring of willpower]

   rF+:       It protects you from fire.
   rPois:     It protects you from poison.
   Will+:     It increases your willpower.
 x - the ring of Spontaneous Combustion {rN++ Str+6 Slay+2}
   (You found it on level 3 of the Crypt)

   [ring of strength]

   Str+6:     It affects your strength (+6).
   Slay+2:    It affects your accuracy & damage with ranged weapons and melee
   (+2).
   rN++:      It greatly protects you from negative energy.
 Z - the ring of Xecata {Wiz rC+ Dex+5}
   (You found it in a Gauntlet)

   [ring of wizardry]

   Wiz:       It improves your spell success rate.
   Dex+5:     It affects your dexterity (+5).
   rC+:       It protects you from cold.
Talismans
 W - a granite talisman
Wands
 r - a wand of iceblast (96)
 t - a wand of acid (8)
 y - a wand of charming (11)
 H - a wand of polymorph (29)
 R - a wand of mindburst (115)
 X - a wand of digging (12)
Scrolls
 o - 2 scrolls of enchant weapon
 p - 6 scrolls of fog
 s - 10 scrolls of immolation
 w - 15 scrolls of poison
 A - 8 scrolls of fear
 F - 6 scrolls of brand weapon
 I - 11 scrolls of amnesia
 L - a scroll of butterflies
 O - 4 scrolls of revelation
 P - 11 scrolls of enchant armour
 U - 5 scrolls of silence
Potions
 c - 14 potions of curing
 d - 7 potions of might
 v - 9 potions of attraction
 z - 13 potions of mutation
 B - 6 potions of cancellation
 C - 21 potions of brilliance
 G - 11 potions of resistance
 K - 10 potions of enlightenment
 M - 6 potions of magic
 S - 8 potions of ambrosia
 V - 21 potions of heal wounds
Miscellaneous
 N - a phial of floods
 T - a tin of tremorstones (2/2)


   Skills:
 - Level 25.0 Fighting
 - Level 24.0 Axes
 - Level 24.0 Ranged Weapons
 - Level 24.0 Armour
 + Level 18.2 Dodging
 O Level 27 Shields
 - Level 22.0 Invocations
 - Level 15.0 Evocations
 - Level 17.0 Shapeshifting


You had 26 spell levels left.
You didn't know any spells.
Your spell library contained the following spells:

 Spells                   Type           Power      Damage    Failure   Level
 Apportation              Tloc           0%         N/A       75%         1
 Foxfire                  Conj/Fire      0%         2x1d4     75%         1
 Kiss of Death            Conj/Necr      0%         2d5       75%         1
 Magic Dart               Conj           0%         1d3       75%         1
 Necrotise                Necr           0%         1d4       75%         1
 Sandblast                Erth           0%         2d4       75%         1
 Slow                     Hex            0%         N/A       75%         1
 Cigotuvi's Dreadful Rot  Necr/Alch/Air  0%         N/A       86%         2
 Ensorcelled Hibernation  Hex/Ice        0%         N/A       86%         2
 Jinxbite                 Hex            0%         N/A       86%         2
 Mercury Vapours          Alch/Air       0%         N/A       86%         2
 Searing Ray              Conj           0%         2d4       86%         2
 Static Discharge         Conj/Air       0%         3-3/arc   86%         2
 Sublimation of Blood     Necr           0%         N/A       86%         2
 Call Canine Familiar     Summ           0%         N/A       98%         3
 Confusing Touch          Hex            0%         N/A       98%         3
 Frozen Ramparts          Ice            0%         1d1       98%         3
 Fugue of the Fallen      Necr           0%         N/A       98%         3
 Hailstorm                Conj/Ice       0%         3d5       98%         3
 Inner Flame              Hex/Fire       0%         N/A       98%         3
 Mephitic Cloud           Conj/Alch/Air  0%         N/A       98%         3
 Ozocubu's Armour         Ice            0%         N/A       98%         3
 Sigil of Binding         Hex            0%         N/A       98%         3
 Stone Arrow              Conj/Erth      0%         3d7       98%         3
 Summon Ice Beast         Ice/Summ       0%         N/A       98%         3
 Teleport Other           Tloc           0%         N/A       98%         3
 Tukima's Dance           Hex            0%         N/A       98%         3
 Vampiric Draining        Necr           0%         2d6       98%         3
 Volatile Blastmotes      Fire/Tloc      0%         2d10      98%         3
 Anguish                  Hex/Necr       0%         N/A       100%        4
 Animate Armour           Summ/Erth      0%         N/A       100%        4
 Animate Dead             Necr           0%         N/A       100%        4
 Brom's Barrelling Bould  Conj/Erth      0%         2d3       100%        4
 Cause Fear               Hex            0%         N/A       100%        4
 Dimensional Bullseye     Hex/Tloc       0%         N/A       100%        4
 Dispel Undead            Necr           0%         3d6       100%        4
 Flame Wave               Conj/Fire      0%         2d4       100%        4
 Fulminant Prism          Conj/Alch      0%         3d5       100%        4
 Ignite Poison            Fire/Alch      0%         N/A       100%        4
 Iskenderun's Mystic Bla Conj/Tloc 0%             2d3        (+2d1     100%        4
 Leda's Liquefaction      Alch/Erth      0%         N/A       100%        4
 Martyr's Knell           Necr/Summ      0%         N/A       100%        4
 Olgreb's Toxic Radiance  Alch           0%         N/A       100%        4
 Passage of Golubria      Tloc           0%         N/A       100%        4
 Petrify                  Alch/Erth      0%         N/A       100%        4
 Sticky Flame             Fire/Alch      0%         2d4       100%        4
 Summon Blazeheart Golem  Fire/Summ      0%         N/A       100%        4
 Alistair's Intoxication  Alch           0%         N/A       100%        5
 Arcjolt                  Conj/Air       0%         1d10      100%        5
 Borgnjor's Vile Clutch   Necr/Erth      0%         N/A       100%        5
 Curse of Agony           Necr           0%         N/A       100%        5
 Fireball                 Conj/Fire      0%         3d3       100%        5
 Freezing Cloud           Conj/Ice/Air   0%         6-21      100%        5
 Irradiate                Conj/Alch      0%         3d11      100%        5
 Iskenderun's Battlesphe  Conj           0%         2d6       100%        5
 Metabolic Englaciation   Hex/Ice        0%         N/A       100%        5
 Summon Mana Viper        Hex/Summ       0%         N/A       100%        5
 Yara's Violent Unravell  Hex/Alch       0%         3d3       100%        5
 Conjure Ball Lightning   Conj/Air       0%         3x3d6     100%        6
 Death Channel            Necr           0%         N/A       100%        6
 Dispersal                Tloc           0%         N/A       100%        6
 Eringya's Noxious Bog    Alch           0%         4d6       100%        6
 Gell's Gavotte           Tloc           0%         2d(11-16) 100%        6
 Permafrost Eruption      Ice/Erth       0%         2x4d1     100%        6
 Plasma Beam              Fire/Air       0%         2x1d10    100%        6
 Sculpt Simulacrum        Ice/Alch       0%         N/A       100%        6
 Starburst                Conj/Fire      0%         6d3       100%        6
 Summon Cactus Giant      Summ           0%         N/A       100%        6
 Enfeeble                 Hex            0%         N/A       100%        7
 Haunt                    Necr/Summ      0%         N/A       100%        7
 Malign Gateway           Summ/Tloc      0%         N/A       100%        7
 Manifold Assault         Tloc           0%         N/A       100%        7
 Orb of Destruction       Conj           0%         9d5       100%        7
 Ozocubu's Refrigeration  Ice            0%         4d7       100%        7
 Spellforged Servitor     Conj/Summ      0%         N/A       100%        7
 Discord                  Hex            0%         N/A       100%        8
 Disjunction              Tloc           0%         N/A       100%        8
 Ignition                 Fire           0%         3d3       100%        8
 Lehudib's Crystal Spear  Conj/Erth      0%         10d2      100%        8
 Death's Door             Necr           0%         N/A       100%        9
 Dragon's Call            Summ           0%         N/A       100%        9
 Maxwell's Portable Pile  Tloc           Unusable   2d(5-13)  N/A         3
 Vhi's Electric Charge    Tloc/Air       Unusable   N/A       N/A         4

Dungeon Overview and Level Annotations

Branches:
Dungeon (15/15)            Temple (1/1) D:7            Lair (5/5) D:11
 Shoals (4/4) Lair:3        Snake (4/4) Lair:3        Slime (5/5) Lair:5
    Orc (2/2) D:12            Elf (3/3) Orc:2        Vaults (5/5) D:13
  Crypt (3/3) Vaults:2       Tomb (2/3) Crypt:3      Depths (4/4) D:15
    Zot (0/5) Depths:4    Ossuary (visited)          Bailey (visited)
 WizLab (visited)         Gauntlet (visited)

Altars:
Ashenzari
Cheibriados
Dithmenos
Elyvilon
Fedhas
Gozag
Hepliaklqana
Kikubaaqudgha
Makhleb
Nemelex Xobeh
Okawaru
Qazlal
Ru
Sif Muna
Trog
Uskayaw
Vehumet
Wu Jian
Xom
Yredelemnul
Zin
The Shining One
Beogh
Jiyva
Lugonu

Shops:
D:7 (   Orc:2 *[=   Elf:1 *?*(   Elf:3 *[   Shoals:3 !   Snake:1 [?   Snake:4 ?
Vaults:1 *   Vaults:4 :::[?   Vaults:5 *   Depths:4 ?!

Portals:
Hell: Depths:1 Depths:2 Depths:3 Depths:4
Abyss: Depths:1 Depths:3
Pandemonium: Depths:1 Depths:2 Depths:4
Ziggurat: Depths:2

Annotations:
Pan Cerebov


Innate Abilities, Weirdness & Mutations

You cannot be hasted, slowed, berserked, paralysed or teleported.
You can dig through walls and to a lower floor.
You have a pair of large antennae on your head. (SInv)
Your four strong arms can wield two-handed weapons with a shield.
You are somewhat resistant to further mutation.


Message History

The balrug gestures at you. You block the pyre arrow.
You block Cerebov's attack. The balrug misses you.
The hellion hits you but does no damage.
The balrug gestures at you. The pyre arrow misses you.
The pyre arrow misses the sun demon.
Your daeva hits Cerebov but does no damage. x2
The sun demon closely misses you.
Activating: Cleansing Flame (0% risk of failure)
Press: ? - help, Dir - look around, f - activate The golden flame engulfs you but does no damage.
You resist.
The golden flame engulfs the balrug!!!
The balrug writhes in agony!
The balrug is almost dead.
The golden flame engulfs the sun demon!!!
The sun demon writhes in agony!
You kill the sun demon!
The Shining One accepts your kill.
You feel better.
You feel your power returning.
The golden flame engulfs the balrug!!
The balrug writhes in agony!
The balrug is severely wounded.
The golden flame engulfs the hellion!!!
The hellion writhes in agony!
You kill the hellion!
The hellion disappears in a puff of smoke!
The golden flame engulfs Cerebov!
Cerebov writhes in agony!
Cerebov is moderately wounded.
The golden flame engulfs the balrug!!
The balrug writhes in agony!
The balrug is heavily wounded.
The golden flame engulfs the balrug!!
The balrug writhes in agony!
The balrug is heavily wounded.
The golden flame engulfs your daeva.
Your daeva completely resists.
Your daeva is lightly wounded.
The golden flame engulfs the sun demon!!
The sun demon writhes in agony!
The sun demon is severely wounded.
The golden flame engulfs the Brimstone Fiend!!!
The Brimstone Fiend writhes in agony!
The Brimstone Fiend is severely wounded.
You hear a shout!
Cerebov hits you with the +6 sword of Cerebov!!!
You die...

......................##
.............).......###
.............).)))..)# #
...........).{.).).).###
#........)#####...).#..
###.§§§§### #...)...#
##§§A## #......##
#.§2§&# #........
#...§§@22.# ##......##
.....3§§21§..##.........
....#§§§#§§..##.......#.
...##≈≈≈##...###.....###
... ≈≈§≈≈ ....##.....#..
. .≈≈≈≈≈ ...###....#..
#≈.###1 .... #......# #≈
#......# ####...#


You could see Cerebov (fast, ally target), a Brimstone Fiend, 4 balrugs, a sun
demon and a friendly daeva (summoned).

Vanquished Creatures
  the Royal Jelly (Slime:5)
  Mnoleg (Pan)
  Gloorx Vloq (Pan)
  Lom Lobon (Pan)
  A dread lich (Vaults:5)
  2 ancient liches
  12 pandemonium lords (Pan)
  Mennas (Depths:3)
  Mara (Vaults:2)
  A juggernaut (Depths:3)
  25 royal mummies
  Bai Suzhen (Vaults:2)
  5 caustic shrikes
  Vashnia (Snake:4)
  6 golden dragons
  Nikola (Vaults:2)
  4 bone dragons
  2 profane servitors (Crypt:3)
  A hellephant (Pan)
  5 Brimstone Fiends (Pan)
  5 Tzitzimimeh (Pan)
  10 tentacled monstrosities
  8 Ice Fiends (Pan)
  9 liches
  A walking earthen tome (Abyss:6)
  5 Hell Sentinels (Pan)
  A walking crystal tome (Depths:3)
  12 deep elf blademasters
  11 deep elf master archers
  The ghost of Ofretuj the Convoker, an adept DsSu of Ru (Elf:1)
  A walking divine tome (Depths:3)
  17 titans
  20 acid blobs
  6 krakens
  2 ancient champions
  6 sphinxes
  8 tentacled starspawn
  31 Executioners (Pan)
  A thorn hunter (WizLab)
  Donald (Shoals:3)
  4 shadow dragons
  6 tengu reavers
  4 storm dragons
  12 rockslimes
  5 fenstrider witches
  6 nagarajas
  Roxanne (Elf:3)
  15 azure jellies
  10 deep elf sorcerers
  22 fire giants
  7 revenants
  11 demonspawn warmongers (Pan)
  5 protean progenitors (Pan)
  8 ghost moths (Pan)
  24 frost giants
  A draconian shifter (Depths:4)
  12 vault wardens
  3 iron dragons
  30 balrugs
  A deep elf elementalist (Elf:3)
  Louise (Elf:3)
  2 caustic shrike zombies (Crypt:3)
  3 orc warlords
  16 demonspawn corrupters (Pan)
  6 spectral caustic shrikes
  6 curse skulls
  9 ghouls (Crypt:3)
  4 draconian annihilators
  25 stone giants
  4 formless jellyfish
  2 juggernaut skeletons (Pan)
  14 demonspawn blood saints (Pan)
  30 reapers
  16 quicksilver oozes
  17 ironbound preservers
  3 caustic shrike skeletons (Pan)
  A green draconian (Depths:4)
  4 spriggan defenders
  42 very ugly things
  28 cacodemons (Pan)
  9 ironbound thunderhulks
  10 vampire knights
  10 dire elephants
  3 black draconians
  9 lorocyprocas (Pan)
  11 deep elf demonologists
  2 bennus (Tomb:2)
  7 deep elf annihilators
  13 demonspawn black suns (Pan)
  A minotaur (Gauntlet)
  2 red draconians (Depths:4)
  A war gargoyle (Vaults:5)
  4 white draconians
  4 eleionomae (WizLab)
  9 deep elf death magi
  6 spark wasps
  3 purple draconians
  2 yellow draconians
  A spectral titan (Depths:2)
  Snorg (D:12)
  A bunyip (Abyss:5)
  12 mummy priests
  7 fire dragons
  6 eidola
  22 blizzard demons (Pan)
  12 green deaths
  10 ettins
  A spectral quicksilver dragon (Depths:2)
  2 spectral golden dragons (Depths:2)
  6 merfolk javelineers
  13 jiangshi
  3 entropy weavers (Vaults:4)
  13 yaktaur captains
  5 deep elf high priests
  A quicksilver dragon zombie (Crypt:3)
  2 shambling mangroves (WizLab)
  An entropy weaver (shapeshifter) (Elf:1)
  A spectral spriggan (Depths:2)
  4 rakshasas
  18 merfolk impalers
  40 vault guards
  10 great orbs of eyes
  9 ice dragons
  3 spriggan air magi
  A fenstrider witch zombie (Crypt:3)
  12 hell beasts
  5 spriggan zombies
  The ghost of waagh the Spear-Bearer, a journeyman DsFi of Kikubaaqudgha (D:10)
  A ghost crab (Gauntlet)
  2 spectral shadow dragons (Depths:2)
  17 hydras
  A spectral tengu (Depths:2)
  6 ironbound frosthearts
  An anaconda (shapeshifter) (Vaults:5)
  18 centaur warriors
  A catoblepas (D:14)
  A spectral fire giant (Depths:2)
  A spectral stone giant (Depths:2)
  4 merfolk avatars
  20 anacondas
  26 dancing weapons
  2 spectral frost giants (Depths:2)
  2 alligator snapping turtles
  11 boulder beetles
  7 deep troll shamans
  5 death knights
  27 death scarabs (Tomb:2)
  4 merfolk aquamancers
  6 satyrs
  An azure jelly zombie (Crypt:2)
  A two-headed ogre (D:10)
  8 death yaks
  14 demonic crawlers
  A tengu warrior (D:13)
  6 deep troll earth magi
  The ghost of sasameki the Thaumaturge, a novice BaCj of Vehumet (D:8)
  5 occultists
  24 thrashing horrors
  7 vampire magi
  20 hell knights
  Urug (Lair:3)
  16 naga sharpshooters
  4 orc high priests (Orc:2)
  2 titan zombies
  41 deep elf knights
  8 hell hogs (Pan)
  3 spectral emperor scorpions (Pan)
  A spectral storm dragon (Depths:2)
  A hellephant skeleton (Pan)
  35 soul eaters
  12 shock serpents
  4 spriggan berserkers
  14 naga warriors
  A titan skeleton (Abyss:1)
  97 sun demons
  11 iron trolls
  11 salamander mystics
  2 skysharks
  33 sixfirhies
  9 shadow wraiths
  A fire crab (Shoals:2)
  10 wretched stars
  32 skeletal warriors
  A storm dragon skeleton (Crypt:2)
  A deep troll (shapeshifter) (Vaults:5)
  6 flayed ghosts
  12 sea snakes
  A spatial maelstrom (Abyss:5)
  26 deep elf archers
  A glowing orange brain (shapeshifter) (Vaults:5)
  13 mana vipers
  9 sun moths (Pan)
  9 arcanists
  An orb spider (shapeshifter) (Depths:3)
  7 glowing orange brains
  77 deep trolls
  20 shadow demons (Pan)
  An obsidian statue (Depths:2)
  26 phantasmal warriors
  10 naga ritualists
  22 ironbound convokers
  32 deep elf pyromancers
  14 lindwurms
  28 deep elf zephyrmancers
  9 necromancers
  4 thermic dynamos (Elf:3)
  A golden dragon skeleton (Crypt:1)
  A jorogumo zombie (Crypt:2)
  33 harpies
  69 starcursed masses
  2 obsidian bats
  8 shining eyes
  A steelbarb worm (shapeshifter) (Vaults:5)
  15 orc knights
  6 orc sorcerers
  9 cyclopes
  21 manticores
  5 wolf spiders
  An iron dragon zombie (Crypt:3)
  30 ugly things
  38 salamanders
  14 fauns
  A will-o-the-wisp (Abyss:6)
  An oklob plant (WizLab)
  A faun (shapeshifter) (Vaults:5)
  22 elephants
  An iron dragon skeleton (Tomb:2)
  2 kobold blastminers (Orc:2)
  6 worldbinders
  50 large abominations
  6 merfolk sirens
  8 guardian serpents
  2 centaur zombies (Crypt:3)
  7 water nymphs
  6 rust devils
  39 black mambas
  9 eyes of devastation
  2 dire elephant zombies
  6 apocalypse crabs
  A torpor snail (Lair:4)
  An ice statue (D:11)
  21 vault sentinels
  22 orange demons
  15 naga magi
  A dire elephant skeleton (Tomb:2)
  12 cane toads
  A gargoyle (D:10)
  A death yak zombie (Crypt:1)
  5 hellions (Pan)
  2 kobold demonologists
  48 smoke demons
  17 tormentors (Pan)
  6 rime drakes
  8 freezing wraiths
  An unseen horror (Abyss:1)
  A naga skeleton (Abyss:1)
  10 komodo dragons
  13 efreet
  35 yaktaurs
  23 guardian mummies
  3 ice devils
  8 red devils (Pan)
  10 ancient zymes
  A tengu conjurer (D:13)
  5 trolls
  A hydra zombie (Crypt:1)
  37 hellwings
  34 merfolk
  5 wind drakes
  A queen bee (shapeshifter) (D:13)
  A harpy zombie (Crypt:3)
  3 polar bears
  The ghost of sekai the Trooper, an amateur DsGl (D:4)
  10 hornets
  21 raiju
  Grinder (D:5)
  2 harpy skeletons
  A snapping turtle (shapeshifter) (Depths:3)
  32 blink frogs
  3 jumping spiders (Crypt:3)
  A glass eye (Pan)
  Prince Ribbit (D:8)
  A fire dragon zombie (Crypt:3)
  9 dream sheep
  A stone giant simulacrum (Crypt:2)
  5 snapping turtles
  A centaur simulacrum (Tomb:1)
  131 slime creatures
  An ettin skeleton (Crypt:2)
  A shadow (Crypt:3)
  17 spriggans
  6 air elementals
  5 wyverns
  36 yaks
  3 vampires
  24 water elementals
  11 ushabtiu
  3 basilisks
  7 fire bats
  16 wraiths
  48 ynoxinuls
  A fire dragon skeleton (Crypt:2)
  2 fire elementals (Elf:3)
  7 golden eyes
  14 humans
  4 wargs (Orc:1)
  A hog (shapeshifter) (Abyss:1)
  A steam dragon (D:8)
  46 chaos spawn
  14 redbacks
  2 spatial vortices (Abyss:5)
  29 neqoxecs
  44 nagas
  8 vampire mosquitoes
  A deep troll zombie (Crypt:2)
  A harpy simulacrum (Tomb:2)
  A demonspawn zombie (Crypt:3)
  2 naga zombies (Crypt:3)
  3 acid dragons
  A swamp drake (D:12)
  15 water moccasins
  Duvessa (D:5)
  12 hell hounds
  A deep troll skeleton (Crypt:1)
  A faun skeleton (Crypt:2)
  12 black bears
  35 laughing skulls
  A sky beast (Abyss:1)
  5 ogres
  25 orc warriors
  29 wolves
  A blink frog zombie (Crypt:1)
  6 ice beasts
  13 centaurs
  6 boggarts
  A phantom (D:7)
  2 weeping skulls
  A kobold brigand (D:8)
  22 bullfrogs
  A gnoll sergeant (D:9)
  3 brain worms
  4 earth elementals
  10 small abominations (Abyss:1)
  A warg skeleton (Crypt:2)
  11 scorpions
  7 wyvern skeletons (Crypt:3)
  16 wights
  Dowan (D:5)
  A polar bear zombie (Crypt:2)
  11 killer bees
  5 electric eels
  A wolf zombie (Crypt:1)
  A howler monkey (D:12)
  7 lava snakes (Snake:3)
  A quasit (Abyss:3)
  2 jellies (D:7)
  15 orc priests
  A wolf skeleton (Crypt:2)
  6 hounds
  2 gnoll boudas
  7 iron imps
  4 scorpion zombies (Ossuary)
  A black bear skeleton (Crypt:2)
  2 iguanas
  29 orc wizards
  5 hell rats (Lair:2)
  33 mummies
  Robin (D:4)
  11 gnolls
  4 adders (D:4)
  A shadow imp (Abyss:3)
  6 white imps
  3 ufetubi (Abyss:1)
  An iguana zombie (Crypt:1)
  An adder zombie (Ossuary)
  2 ribbon worms
  73 orcs
  9 bats
  6 endoplasms
  2 giant cockroaches (D:1)
  2 gnoll zombies (Ossuary)
  24 goblins
  13 hobgoblins
  10 jackals
  11 kobolds
  4 quokkas
  A river rat zombie (Crypt:1)
  4 ball pythons
  A bombardier beetle zombie (Crypt:2)
  5 frilled lizards
  A goblin zombie (D:6)
  A hobgoblin zombie (D:6)
  4 jackal zombies (Ossuary)
  6 kobold zombies (Ossuary)
  6 rats
  A rat zombie (Crypt:2)
  2 aspiring fleshes (Pan)
  A ball lightning (Pan)
  3 lurking horrors
  6 starspawn tentacles
  31 tentacles
3899 creatures vanquished.

Vanquished Creatures (collateral kills)
  A Brimstone Fiend (Pan)
  A lorocyproca (Pan)
  A jorogumo (Pan)
  A smoke demon (Pan)
  A ynoxinul (Pan)
  A fire vortex (Pan)
6 creatures vanquished.

Vanquished Creatures (others)
  A balrug (Depths:3)
  A stone giant (Pan)
  A merfolk impaler (Shoals:4)
  An ironbound frostheart (Vaults:5)
  2 soul eaters (Pan)
  2 sixfirhies (Pan)
  A large abomination (Pan)
  A deep elf pyromancer (Elf:1)
  A shining eye (shapeshifter) (Vaults:5)
  A human (D:13)
  6 chaos spawn (Pan)
  An orc wizard (D:10)
  2 ball lightnings (Pan)
  127 spectral weapons
  18 starspawn tentacles
  23 tentacles
189 creatures vanquished.

Grand Total: 4094 creatures vanquished

Notes
Turn   | Place    | Note
-------+----------+-------------------------------------------
     0 | D:1      | 10x100sm the Formicid Fighter began the quest for the Orb.
     0 | D:1      | Reached XP level 1. HP: 18/18 MP: 1/1
    89 | D:1      | Reached XP level 2. HP: 24/24 MP: 2/2
   548 | D:1      | Reached XP level 3. HP: 26/30 MP: 3/3
   794 | D:1      | Found a faded altar of an unknown god.
  1292 | D:2      | Reached XP level 4. HP: 28/37 MP: 4/4
  2169 | D:3      | Reached XP level 5. HP: 38/42 MP: 5/5
  2654 | D:4      | Found a burning altar of Makhleb.
  2755 | D:4      | Noticed Robin
  2763 | D:4      | Killed Robin
  2952 | D:4      | Identified the +1 quarterstaff of Dauf {flame, Str+4 Int+2}
  3019 | D:4      | Found a glowing golden altar of the Shining One.
  3021 | D:4      | Noticed an angel
  3040 | D:4      | Found a runed translucent gate.
  3040 | D:4      | Found a runed translucent gate.
  3041 | D:4      | Found a runed translucent gate.
  3042 | D:4      | Noticed sekai's ghost (amateur DsGl)
  3272 | D:4      | Found a basalt altar of Yredelemnul.
  3331 | D:4      | Reached skill level 5 in Axes
  3331 | D:4      | Reached XP level 6. HP: 48/48 MP: 4/6
  3435 | D:4      | Reached XP level 7. HP: 48/54 MP: 0/7
  3663 | D:4      | Noticed a profane servitor
  4282 | D:4      | Killed sekai's ghost
  4283 | D:4      | Reached skill level 5 in Fighting
  4376 | D:5      | Entered Level 5 of the Dungeon
  4397 | D:5      | Reached XP level 8. HP: 56/62 MP: 5/8
  4522 | D:5      | Noticed Grinder
  4535 | D:5      | Killed Grinder
  4711 | D:5      | Noticed Duvessa
  4712 | D:5      | Noticed Dowan
  4725 | D:5      | Killed Duvessa
  4728 | D:5      | Killed Dowan
  5135 | D:5      | Found a sparkling altar of Nemelex Xobeh.
  5256 | D:6      | Found an iron altar of Okawaru.
  5279 | D:6      | Became a worshipper of Warmaster Okawaru
  5326 | D:6      | Found an ancient bone altar of Kikubaaqudgha.
  5347 | D:6      | Reached skill level 1 in Invocations
  5347 | D:6      | Reached skill level 1 in Evocations
  5347 | D:6      | Reached XP level 9. HP: 71/71 MP: 6/9
  5354 | D:6      | Found a sand-covered staircase.
  5373 | Ossuary  | Entered an ossuary
  5950 | D:6      | Reached * piety under Okawaru
  6527 | D:7      | Reached skill level 5 in Invocations
  6545 | D:7      | Reached skill level 5 in Evocations
  6703 | D:7      | Found Xorrid's Antique Weapon Shoppe.
  6710 | D:7      | Bought a glowing triple crossbow for 312 gold pieces
  6940 | D:7      | Reached XP level 10. HP: 71/79 MP: 9/13
  7117 | D:7      | Found a staircase to the Ecumenical Temple.
  7180 | D:7      | Reached skill level 10 in Axes
  7249 | D:7      | Reached ** piety under Okawaru
  7379 | D:8      | Found a runed translucent door.
  7379 | D:8      | Noticed sasameki's ghost (novice BaCj)
  7433 | D:8      | Killed sasameki's ghost
  7434 | D:8      | Reached skill level 5 in Shields
  7434 | D:8      | Reached skill level 5 in Armour
  7641 | D:8      | Reached skill level 6 in Shields
  7933 | D:8      | Reached *** piety under Okawaru
  7934 | D:8      | Reached skill level 7 in Shields
  8053 | D:8      | Found a white marble altar of Elyvilon.
  8288 | D:8      | Noticed Prince Ribbit
  8315 | D:8      | Killed Prince Ribbit
  8533 | D:9      | Reached XP level 11. HP: 83/84 MP: 7/14
  8742 | D:9      | Reached skill level 8 in Shields
  8751 | D:9      | Reached skill level 1 in Dodging
  9554 | D:10     | Entered Level 10 of the Dungeon
  9630 | D:10     | Found a radiant altar of Vehumet.
  9634 | D:10     | Found a broken altar of Ashenzari.
  9731 | D:10     | Found a flagged portal.
  9759 | Bailey   | Entered a bailey
  9830 | Bailey   | Reached **** piety under Okawaru
  9973 | Bailey   | Noticed a vault guard
  9983 | Bailey   | Killed a vault guard
 10093 | Bailey   | Noticed a vault guard
 10104 | Bailey   | Killed a vault guard
 10210 | Bailey   | Reached ***** piety under Okawaru
 10350 | D:10     | Noticed a two-headed ogre
 10355 | D:10     | Killed a two-headed ogre
 10466 | D:10     | Received a gift from Okawaru
 10467 | D:10     | Reached XP level 12. HP: 80/93 MP: 13/19
 10651 | D:10     | Found a transporter.
 10653 | D:10     | Found a transporter.
 10653 | D:10     | Noticed waagh's ghost (journeyman DsFi)
 10654 | D:10     | Noticed a stone giant
 10786 | D:10     | Killed a stone giant
 10787 | D:10     | Reached skill level 10 in Invocations
 10796 | D:10     | Killed waagh's ghost
 11073 | D:11     | Found a staircase to the Lair.
 11121 | D:11     | Received a gift from Okawaru
 11183 | D:11     | Found a portal to a secret trove of treasure.
 11346 | D:11     | Noticed a boulder beetle
 11355 | D:11     | Killed a boulder beetle
 11356 | D:11     | Reached skill level 10 in Fighting
 11436 | D:11     | Noticed a boulder beetle
 11444 | D:11     | Killed a boulder beetle
 11803 | D:11     | Received a gift from Okawaru
 12053 | Lair:1   | Entered Level 1 of the Lair of Beasts
 12310 | Lair:1   | Reached XP level 13. HP: 92/104 MP: 17/20
 12377 | Lair:1   | Identified the +0 leather armour of the Volcano {Will+
                  | Int+3 Slay-3 SInv}
 12854 | Lair:2   | Noticed a four-headed hydra
 12864 | Lair:2   | Killed a four-headed hydra
 12866 | Lair:2   | Received a gift from Okawaru
 13439 | Lair:2   | Noticed Sonja
 13444 | Lair:2   | Sonja changed into Sonja the blink frog
 13444 | Lair:2   | Noticed Sonja
 13446 | Lair:2   | Killed Sonja the blink frog
 13603 | Lair:2   | Received a gift from Okawaru
 13960 | Lair:3   | Found a staircase to the Snake Pit.
 14016 | Lair:3   | Found a hide-covered altar of Uskayaw.
 14038 | Lair:3   | Reached skill level 15 in Axes
 14046 | Lair:3   | You fall into a shaft and drop 1 floor!
 14161 | Lair:4   | Reached ****** piety under Okawaru
 14162 | Lair:4   | Acquired the +15 Maxwell's patent armour {-Cast -Tele rElec
                  | Will+ rCorr}
 14162 | Lair:4   | Received a gift from Okawaru
 14162 | Lair:4   | Found the +15 Maxwell's patent armour {-Cast -Tele rElec
                  | Will+ rCorr}
 14175 | Lair:4   | Acquired a +6 heavy executioner's axe
 14175 | Lair:4   | Received a gift from Okawaru
 14323 | Lair:4   | Received a gift from Okawaru
 14326 | Lair:4   | Reached XP level 14. HP: 104/118 MP: 3/21
 14328 | Lair:4   | Reached skill level 9 in Shields
 14473 | Lair:4   | Identified the +1 robe of True Grit {rN++}
 14566 | Lair:3   | Noticed Urug
 14574 | Lair:3   | Killed Urug
 14574 | Lair:3   | Received a gift from Okawaru
 14688 | Lair:3   | Reached skill level 10 in Armour
 14779 | Lair:3   | Found a staircase to the Shoals.
 14871 | Lair:3   | Reached skill level 10 in Shields
 15389 | Lair:4   | Reached skill level 11 in Shields
 15448 | Lair:4   | Received a gift from Okawaru
 15722 | Lair:4   | Found a sacrificial altar of Ru.
 16072 | Lair:5   | Entered Level 5 of the Lair of Beasts
 16155 | Lair:5   | Found a staircase to the Slime Pits.
 16156 | Lair:5   | Found a viscous altar of Jiyva.
 16300 | Lair:5   | Received a gift from Okawaru
 16561 | Lair:5   | Reached skill level 12 in Shields
 16614 | Lair:5   | Reached XP level 15. HP: 120/123 MP: 20/22
 16822 | Lair:5   | Reached skill level 13 in Shields
 17124 | Lair:5   | Received a gift from Okawaru
 17583 | Lair:5   | Reached skill level 5 in Dodging
 17721 | Lair:5   | Identified the +3 ring mail of the Stone Wall {rC+ Dex+4
                  | Slay-6 Stlth+}
 17931 | D:12     | Noticed Snorg
 17941 | D:12     | Killed Snorg
 18385 | D:12     | Received a gift from Okawaru
 18399 | D:12     | Found a staircase to the Orcish Mines.
 18669 | Orc:1    | Entered Level 1 of the Orcish Mines
 18692 | Orc:1    | Reached skill level 1 in Ranged Weapons
 18971 | Orc:2    | Entered Level 2 of the Orcish Mines
 18997 | Orc:2    | Found Veqonaxt's General Store.
 19354 | Orc:2    | Noticed an orc warlord
 19368 | Orc:2    | Killed an orc warlord
 19368 | Orc:2    | Received a gift from Okawaru
 19521 | Orc:2    | Found Sekownus's Antique Weapon Shoppe.
 19648 | Orc:2    | Found Japeuti's Jewellery Boutique.
 19667 | Orc:2    | Found Hiug's Antique Armour Shop.
 19673 | Orc:2    | Found a staircase to the Elven Halls.
 19675 | Orc:2    | Bought a pair of bloodstained boots for 275 gold pieces
 19675 | Orc:2    | Identified the +0 pair of boots of Twilight {Dex+6} (You
                  | bought it in a shop on level 2 of the Orcish Mines)
 19982 | D:13     | Reached XP level 16. HP: 131/131 MP: 12/23
 19986 | D:13     | Reached skill level 5 in Ranged Weapons
 20710 | D:13     | Received a gift from Okawaru
 20791 | D:13     | Found a gate to the Vaults.
 20920 | D:14     | Found a gate leading to a gauntlet.
 20948 | Gauntlet | Entered a Gauntlet
 20948 | Gauntlet | Found a transporter.
 20948 | Gauntlet | Found a transporter.
 20948 | Gauntlet | Found a large runed translucent door.
 20948 | Gauntlet | Found a large runed translucent door.
 20948 | Gauntlet | Found a large runed translucent door.
 20948 | Gauntlet | Found a large runed translucent door.
 20948 | Gauntlet | Found a large runed translucent door.
 20948 | Gauntlet | Found a large runed translucent door.
 20948 | Gauntlet | Found a runed translucent door.
 20948 | Gauntlet | Found a runed translucent door.
 20948 | Gauntlet | Found a large runed translucent door.
 20948 | Gauntlet | Found a large runed translucent door.
 20948 | Gauntlet | Found a large runed translucent door.
 20948 | Gauntlet | Found a large runed translucent door.
 20948 | Gauntlet | Found a large runed translucent door.
 20948 | Gauntlet | Found a large runed translucent door.
 20991 | Gauntlet | Found a transporter.
 20991 | Gauntlet | Found a transporter.
 20992 | Gauntlet | Found a large runed translucent door.
 20992 | Gauntlet | Found a large runed translucent door.
 20992 | Gauntlet | Found a large runed translucent door.
 20992 | Gauntlet | Found a large runed translucent door.
 20996 | Gauntlet | Found a runed translucent gate.
 20996 | Gauntlet | Found a runed translucent gate.
 20996 | Gauntlet | Found a runed translucent gate.
 20998 | Gauntlet | Found a transporter.
 21013 | Gauntlet | Found a transporter.
 21022 | Gauntlet | Found a transporter.
 21024 | Gauntlet | Found a transporter.
 21024 | Gauntlet | Found a transporter.
 21028 | Gauntlet | Found a transporter.
 21078 | Gauntlet | Found a transporter.
 21123 | Gauntlet | Found a transporter.
 21137 | Gauntlet | Found a transporter.
 21150 | Gauntlet | Found a transporter.
 21237 | Gauntlet | Found a transporter.
 21251 | Gauntlet | Found a transporter.
 21460 | Gauntlet | Identified the ring of Xecata {Wiz rC+ Dex+5}
 21505 | Gauntlet | Identified the +2 dagger of Vypt {freeze, *Rage rPois rF++
                  | rCorr}
 21627 | D:14     | Found a blossoming altar of Fedhas.
 21721 | D:14     | Received a gift from Okawaru
 22300 | D:15     | Entered Level 15 of the Dungeon
 22505 | D:15     | Found a staircase to the Depths.
 23679 | Snake:1  | Entered Level 1 of the Snake Pit
 23683 | Snake:1  | Received a gift from Okawaru
 23738 | Shoals:1 | Entered Level 1 of the Shoals
 23903 | Shoals:1 | Reached XP level 17. HP: 139/139 MP: 24/24
 24041 | Shoals:1 | Reached skill level 10 in Ranged Weapons
 24262 | Shoals:1 | Noticed a kraken
 24275 | Shoals:1 | Killed a kraken
 24394 | Shoals:1 | Received a gift from Okawaru
 24395 | Shoals:1 | Reached skill level 15 in Fighting
 24875 | Shoals:1 | Noticed a tentacled monstrosity
 24882 | Shoals:1 | Killed a tentacled monstrosity
 24886 | Shoals:1 | Identified the ring of Tiesix {rPois MP+9 Slay+2}
 25306 | Snake:1  | Found Pupty's Magic Scroll Shop.
 25306 | Snake:1  | Found Ruixt's Armour Boutique.
 25330 | Snake:1  | Bought a scroll of identify for 40 gold pieces
 25330 | Snake:1  | Bought a scroll of identify for 40 gold pieces
 25330 | Snake:1  | Identified a scroll of acquirement
 25331 | Snake:1  | Acquired the +2 pair of boots "Gecizxai" {Rampage *Slow
                  | rCorr Dex+4}
 25385 | Snake:1  | Received a gift from Okawaru
 25982 | Snake:2  | Reached XP level 18. HP: 149/149 MP: 25/25
 26341 | Snake:2  | Received a gift from Okawaru
 26578 | Snake:2  | Reached XP level 19. HP: 155/155 MP: 26/26
 26579 | Snake:2  | Reached XP level 20. HP: 162/162 MP: 27/27
 26580 | Snake:2  | Reached skill level 15 in Ranged Weapons
 26580 | Snake:2  | Reached XP level 21. HP: 168/168 MP: 28/28
 27242 | Snake:3  | Received a gift from Okawaru
 27871 | Snake:4  | Entered Level 4 of the Snake Pit
 28060 | Snake:4  | Found Zutti's Magic Scroll Shop.
 28455 | Snake:4  | Received a gift from Okawaru
 28478 | Snake:4  | Reached XP level 22. HP: 124/181 MP: 19/29
 28504 | Snake:4  | Noticed Vashnia
 28515 | Snake:4  | Killed Vashnia
 28632 | Snake:4  | Received a gift from Okawaru
 29317 | Snake:4  | Got a serpentine rune of Zot
 30168 | Shoals:3 | Noticed Donald
 30181 | Shoals:3 | Killed Donald
 30537 | Shoals:3 | Found Viuppu's Distillery.
 30545 | Shoals:3 | Bought a potion of lignification for 45 gold pieces
 30995 | Shoals:4 | Entered Level 4 of the Shoals
 31058 | Shoals:4 | Got the Volume of Assistive Correspondence
 31255 | Shoals:4 | Received a gift from Okawaru
 31256 | Shoals:4 | Reached skill level 14 in Shields
 31420 | Shoals:4 | Identified the amulet "Gyownico" {-Cast rPois rC+ Regen+
                  | Str+3}
 32089 | Shoals:4 | Received a gift from Okawaru
 32244 | Shoals:4 | Got a barnacled rune of Zot
 32383 | Lair:3   | Reached XP level 23. HP: 187/187 MP: 25/30
 32566 | Elf:1    | Entered Level 1 of the Elven Halls
 32566 | Elf:1    | Found a runed translucent gate.
 32566 | Elf:1    | Found a runed translucent gate.
 32566 | Elf:1    | Found a runed translucent gate.
 32566 | Elf:1    | Found a runed translucent gate.
 32566 | Elf:1    | Found a runed translucent gate.
 32566 | Elf:1    | Found a runed translucent gate.
 32568 | Elf:1    | Found a runed translucent door.
 32574 | Elf:1    | Reached skill level 15 in Armour
 32582 | Elf:1    | Identified the amulet of Vaohuas {Faith rC++ Int+3 Slay-3}
 32590 | Elf:1    | Found a runed translucent door.
 32671 | Elf:1    | Identified the +2 leather armour of Boredom {rElec rF+ rN+}
 32718 | Elf:1    | Found Bebunel's Magic Scroll Emporium.
 32822 | Elf:1    | Reached skill level 15 in Shields
 32922 | Elf:1    | Found Ricail's General Store.
 32967 | Elf:1    | Found Pynguxei's Assorted Antiques.
 33049 | Elf:1    | Received a gift from Okawaru
 33093 | Elf:1    | Found Ramutoosu's Weapon Emporium.
 33135 | Elf:1    | Reached skill level 16 in Shields
 33551 | Elf:1    | Found a runed translucent door.
 33551 | Elf:1    | Noticed Ofretuj's ghost (adept DsSu)
 33577 | Elf:1    | Killed Ofretuj's ghost
 33838 | Elf:1    | Found a roughly hewn altar of Beogh.
 33986 | Elf:1    | Found a corrupted altar of Lugonu.
 34467 | Elf:2    | Reached skill level 17 in Shields
 34832 | Elf:2    | Found a huge runed translucent gate.
 34832 | Elf:2    | Found a huge runed translucent gate.
 34832 | Elf:2    | Found a huge runed translucent gate.
 34832 | Elf:2    | Found a huge runed translucent gate.
 34832 | Elf:2    | Found a huge runed translucent gate.
 34890 | Elf:2    | Received a gift from Okawaru
 35016 | Elf:2    | Identified the blade talisman "Ateogit" {rF+ Int+6 Dex+6}
 35135 | Elf:2    | Reached XP level 24. HP: 173/195 MP: 28/30
 35299 | Elf:3    | Entered Level 3 of the Elven Halls
 35515 | Elf:3    | Noticed Louise
 35525 | Elf:3    | Killed Louise
 35664 | Elf:3    | Reached skill level 10 in Dodging
 35796 | Elf:3    | Identified the ring "Lisymyto" {Fly rPois Dex+5}
 35946 | Elf:3    | Got the Tractate on the Crevasse
 35994 | Elf:3    | Identified the +5 halberd "Veuc" {speed, Str+2 Dex+3}
 35996 | Elf:3    | Identified the ring of Ykhlujoth {rCorr Str-3 Dex+5 Stlth+}
 36036 | Elf:3    | Got Sif Muna's Incunabulum of Blistering Subspace
 36199 | Elf:3    | Found Seuddala's General Store.
 36270 | Elf:3    | Found Fighew's Antique Armour Emporium.
 36304 | Elf:3    | Noticed Roxanne
 36321 | Elf:3    | Killed Roxanne
 36875 | Vaults:1 | Entered Level 1 of the Vaults
 37032 | Vaults:1 | Found Xuhiuz's Assorted Antiques.
 37211 | Vaults:1 | Received a gift from Okawaru
 38270 | Vaults:2 | Reached XP level 25. HP: 205/207 MP: 9/30
 38279 | Vaults:2 | Noticed Bai Suzhen
 38289 | Vaults:2 | Killed Bai Suzhen
 38289 | Vaults:2 | Received a gift from Okawaru
 38373 | Vaults:2 | Noticed Nikola
 38382 | Vaults:2 | Killed Nikola
 38383 | Vaults:2 | Reached skill level 18 in Shields
 38395 | Vaults:2 | Noticed Mara
 38400 | Vaults:2 | Noticed 10x100sm's illusion
 38423 | Vaults:2 | Killed Mara
 38717 | Vaults:2 | Reached skill level 19 in Shields
 38965 | Vaults:2 | Found a staircase to the Crypt.
 39057 | Vaults:2 | Got Mozuq's Compilation of the Penguin
 39686 | Vaults:3 | Received a gift from Okawaru
 40883 | Vaults:3 | Received a gift from Okawaru
 41353 | Vaults:4 | Reached XP level 26. HP: 164/218 MP: 16/30
 41549 | Vaults:4 | Found Ryttar's Magic Scroll Shop.
 41613 | Vaults:4 | Reached XP level 27. HP: 224/224 MP: 30/30
 41621 | Vaults:4 | Found Nalagicy's Book Emporium.
 41629 | Vaults:4 | Bought a manual of Ranged Weapons for 1440 gold pieces
 41635 | Vaults:4 | Found Riakaxit's Book Emporium.
 41823 | Vaults:4 | Found Dipsasyu's Antique Armour Shoppe.
 41899 | Vaults:4 | Found Woirooca's Book Shoppe.
 43137 | Elf:3    | Bought the ring "Ughyi" {rF++ rCorr MP+9 Str+2 Stlth-} for
                  | 1058 gold pieces
 43495 | Vaults:5 | Entered Level 5 of the Vaults
 43502 | Vaults:5 | Reached skill level 20 in Shields
 43549 | Vaults:5 | Received a gift from Okawaru
 43629 | Vaults:5 | Noticed an ancient lich
 43635 | Vaults:5 | Killed an ancient lich
 43638 | Vaults:5 | Gained mutation: You are somewhat resistant to further
                  | mutation. [a shining eye]
 43782 | Vaults:5 | Identified the +3 double sword of the Ten Teeth {protect,
                  | ^Fragile rElec rPois Str+2}
 44095 | Vaults:5 | Received a gift from Okawaru
 44108 | Vaults:5 | Identified the ring "Lifas" {rN+ SInv}
 44227 | Vaults:5 | Identified the +0 leather armour of Pumyn {rPois MP-9
                  | Stlth+}
 44266 | Vaults:5 | Got a silver rune of Zot
 44300 | Vaults:5 | Got the Lectures on Impulse and the Geodesic
 44468 | Vaults:5 | Identified the ring of Moiqus {Ice rCorr Str+2 Int+3}
 44581 | Vaults:5 | Found Beclimea's General Store.
 44583 | Vaults:5 | Acquired the +3 pair of seven-league boots {Rampage+∞}
 44583 | Vaults:5 | Found the +3 pair of seven-league boots {Rampage+∞}
 44639 | Vaults:5 | Identified the amulet of Feup {Spirit Will+ Str+2}
 44723 | Vaults:5 | Noticed a dread lich
 44733 | Vaults:5 | Killed a dread lich
 44996 | Vaults:5 | Identified the +0 pair of boots "Apsad" {rC- Will+++ Str+4
                  | Int-2}
 45002 | Vaults:5 | Got the Disquisition on Remains
 45374 | Slime:1  | Entered Level 1 of the Pits of Slime
 45383 | Slime:1  | Gained mutation: You are clumsy. (Dex -2) [a shining eye]
 46265 | Slime:3  | Reached skill level 21 in Shields
 46446 | Slime:2  | Reached skill level 22 in Shields
 47425 | Slime:5  | Entered Level 5 of the Pits of Slime
 47514 | Slime:5  | Received a gift from Okawaru
 47518 | Slime:5  | Noticed the Royal Jelly
 47525 | Slime:5  | Found a viscous altar of Jiyva.
 47530 | Slime:5  | Killed the Royal Jelly
 47737 | Slime:5  | Identified the +8 morningstar "Izoqyan" {venom, *Rage Will+
                  | Str+3 Dex+6}
 47741 | Slime:5  | Got A Primer on Magic
 47968 | Slime:5  | Identified the ring "Arotyrud" {rC+ Str-3 Dex+4}
 47982 | Slime:5  | Identified the +2 rapier of Gamig {venom, rC- rN+ Will++
                  | Int-5}
 47987 | Slime:5  | Got a slimy rune of Zot
 48024 | Slime:5  | Identified the amulet "Nixzawuc" {rElec rF+ Will++ Regen+
                  | Dex-2}
 48113 | Slime:5  | Identified the ring "Senatouz" {Fly Dex+3}
 48115 | Slime:5  | Identified the +4 glaive "Raxihus" {venom, rPois rF- Dex+4}
 48139 | Slime:5  | Identified the +1 scale mail "Sopluys" {^Drain Int+4}
 48976 | Elf:1    | Bought the ring of the Past {rPois rN+ Str+2 Int+2} for 554
                  | gold pieces
 49170 | Depths:1 | Entered Level 1 of the Depths
 49317 | Depths:1 | Found a gateway to Hell.
 49451 | D:11     | You paid a toll of 16 potions of curing to enter a treasure
                  | trove
 49452 | Trove    | Entered a treasure trove
 49459 | Trove    | Identified the +0 pair of gloves of Surprise {Int+4}
 49460 | Trove    | Identified the +0 pair of gloves of the Sea {Harm rElec
                  | rC+}
 49466 | Trove    | Identified the ring "Relus" {rN+ Int+6}
 49469 | Trove    | Identified the amulet "Fuetsosh" {Spirit Harm}
 49479 | Trove    | Identified the ring "Ywuimoh" {rPois rF+ Will+}
 49484 | Trove    | Identified the +8 ring mail "Seedwotz" {rElec Int+3}
 49858 | Depths:1 | Found a one-way gate leading to the halls of Pandemonium.
 49956 | Depths:1 | Found a burning altar of Makhleb.
 50031 | Depths:1 | Found a one-way gate to the infinite horrors of the Abyss.
 50064 | Depths:1 | Received a gift from Okawaru
 50535 | Depths:1 | Voluntarily entered the Abyss.
 50537 | Abyss:1  | Found a corrupted altar of Lugonu.
 50542 | Abyss:1  | Found a corrupted altar of Lugonu.
 50582 | Abyss:1  | Found a corrupted altar of Lugonu.
 50587 | Abyss:1  | Found a corrupted altar of Lugonu.
 51101 | Abyss:1  | Received a gift from Okawaru
 51586 | Abyss:1  | Noticed an ancient lich
 51589 | Abyss:1  | Found a corrupted altar of Lugonu.
 51595 | Abyss:1  | Killed an ancient lich
 51618 | Abyss:3  | Found a corrupted altar of Lugonu.
 52093 | Abyss:4  | Received a gift from Okawaru
 52233 | Abyss:5  | Found a corrupted altar of Lugonu.
 52279 | Abyss:5  | Got an abyssal rune of Zot
 52423 | Abyss:6  | Received a gift from Okawaru
 52435 | Depths:1 | Escaped the Abyss
 52827 | Depths:2 | Found a one-way gateway to a ziggurat.
 52970 | Depths:2 | Reached skill level 15 in Dodging
 53047 | Depths:2 | Noticed a royal mummy
 53061 | Depths:2 | Killed a royal mummy
 53072 | Depths:2 | Identified the +2 robe of Reason {rElec Dex+2 Stlth-}
 53094 | Depths:2 | Reached skill level 1 in Shapeshifting
 53792 | Depths:3 | Found a magical portal.
 53801 | WizLab   | Entered Eringya's Formal Garden
 53822 | WizLab   | Received a gift from Okawaru
 53941 | WizLab   | Reached skill level 5 in Shapeshifting
 54081 | WizLab   | Found a blossoming altar of Fedhas.
 54337 | Depths:3 | Noticed Mennas
 54349 | Depths:3 | Killed Mennas
 54377 | Depths:3 | Found a basalt altar of Yredelemnul.
 54448 | Depths:3 | Identified the +6 falchion of Idiagu Mamu {drain, rElec
                  | Will+ Int-4}
 54607 | Depths:3 | Noticed a juggernaut
 54614 | Depths:3 | Killed a juggernaut
 54794 | Depths:3 | Received a gift from Okawaru
 55001 | Depths:3 | Reached skill level 10 in Shapeshifting
 55282 | Depths:3 | Identified the +0 chain mail of Resilience {rElec Int+3}
 55502 | Depths:4 | Entered Level 4 of the Depths
 55502 | Depths:4 | Found Utotiu's Distillery.
 55615 | Depths:4 | Found Zimp's Magic Scroll Shop.
 55618 | Depths:4 | Bought a scroll of enchant weapon for 135 gold pieces
 55618 | Depths:4 | Bought a scroll of enchant weapon for 135 gold pieces
 55680 | Depths:4 | Received a gift from Okawaru
 55716 | Depths:4 | Got Fuedeef's Vellum of the Radiant Wendigo
 55901 | Depths:4 | Found a gate to the Realm of Zot.
 55937 | Depths:4 | Received a gift from Okawaru
 57049 | Crypt:1  | Entered Level 1 of the Crypt
 57348 | Crypt:1  | Received a gift from Okawaru
 57664 | Crypt:2  | Reached skill level 15 in Shapeshifting
 58719 | Crypt:3  | Entered Level 3 of the Crypt
 59038 | Crypt:3  | Received a gift from Okawaru
 59061 | Crypt:3  | Found a basalt altar of Yredelemnul.
 59565 | Crypt:3  | Found a staircase to the Tomb.
 59762 | Crypt:3  | Reached skill level 10 in Evocations
 59936 | Crypt:3  | Identified the ring of Pustry {rF+ rN++ rCorr}
 60045 | Crypt:3  | Identified the ring of Spontaneous Combustion {rN++ Str+6
                  | Slay+2}
 60051 | Crypt:3  | Identified the +6 giant club "Olloolunt" {freeze, rCorr
                  | Int+3}
 60096 | Crypt:3  | Got the Spellbook of Corpses
 60493 | Crypt:3  | Identified the +9 longbow of Gallantry {heavy, rN+ Will+
                  | rCorr}
 60601 | Tomb:1   | Entered Level 1 of the Tomb of the Ancients
 60723 | Tomb:1   | Identified the +6 falchion of Vizacom {elec, *Slow Fly rC-
                  | rN+++}
 60837 | Tomb:1   | Noticed a royal mummy
 60848 | Tomb:1   | Noticed a royal mummy
 60852 | Tomb:1   | Killed a royal mummy
 60857 | Tomb:1   | Killed a royal mummy
 60881 | Tomb:1   | Received a gift from Okawaru
 61367 | Tomb:2   | Noticed a royal mummy
 61370 | Tomb:2   | Noticed a royal mummy
 61370 | Tomb:2   | Noticed a royal mummy
 61371 | Tomb:2   | Noticed a royal mummy
 61381 | Tomb:2   | Killed a royal mummy
 61384 | Tomb:2   | Killed a royal mummy
 61394 | Tomb:2   | Killed a royal mummy
 61397 | Tomb:2   | Killed a royal mummy
 61478 | Tomb:2   | Reached skill level 15 in Evocations
 61492 | Tomb:2   | Received a gift from Okawaru
 61790 | Tomb:1   | Noticed a royal mummy
 61790 | Tomb:1   | Noticed a royal mummy
 61790 | Tomb:1   | Noticed a royal mummy
 61790 | Tomb:1   | Noticed a royal mummy
 61797 | Tomb:1   | Noticed a royal mummy
 61799 | Tomb:1   | Killed a royal mummy
 61799 | Tomb:1   | Killed a royal mummy
 61800 | Tomb:1   | Noticed a royal mummy
 61808 | Tomb:1   | Killed a royal mummy
 61809 | Tomb:1   | Killed a royal mummy
 61814 | Tomb:1   | Killed a royal mummy
 61815 | Tomb:1   | Killed a royal mummy
 61824 | Tomb:1   | Noticed a royal mummy
 61828 | Tomb:1   | Killed a royal mummy
 61948 | Tomb:1   | Noticed a royal mummy
 61957 | Tomb:1   | Killed a royal mummy
 61993 | Tomb:1   | Noticed a royal mummy
 61999 | Tomb:1   | Killed a royal mummy
 62036 | Tomb:1   | Noticed a royal mummy
 62044 | Tomb:1   | Killed a royal mummy
 62047 | Tomb:1   | Noticed a royal mummy
 62060 | Tomb:1   | Killed a royal mummy
 62062 | Tomb:1   | Noticed a royal mummy
 62065 | Tomb:1   | Noticed a royal mummy
 62065 | Tomb:1   | Noticed a royal mummy
 62065 | Tomb:1   | Noticed a royal mummy
 62071 | Tomb:1   | Killed a royal mummy
 62075 | Tomb:1   | Killed a royal mummy
 62075 | Tomb:1   | Received a gift from Okawaru
 62077 | Tomb:1   | HP: 3/300 [emperor scorpion[a royal mummy] (20)]
 62086 | Tomb:1   | Killed a royal mummy
 62087 | Tomb:1   | Killed a royal mummy
 62087 | Tomb:1   | HP: 15/300 [something (8)]
 62274 | Tomb:1   | Noticed a royal mummy
 62292 | Tomb:1   | Noticed a royal mummy
 62298 | Tomb:1   | Killed a royal mummy
 62303 | Tomb:1   | Killed a royal mummy
 62382 | Tomb:1   | Noticed a royal mummy
 62390 | Tomb:1   | Killed a royal mummy
 63039 | Temple   | Entered the Ecumenical Temple
 63130 | D:4      | Fell from the grace of Okawaru
 63130 | D:4      | Became a worshipper of the Shining One
 63474 | Pan      | Entered Pandemonium
 63496 | Pan      | Reached * piety under the Shining One
 63498 | Pan      | Lost mutation: You are clumsy. (Dex -2) [a neqoxec]
 63500 | Pan      | Noticed Uzxuk the pandemonium lord
 63512 | Pan      | Reached ** piety under the Shining One
 63514 | Pan      | Killed Uzxuk the pandemonium lord
 63617 | Pan      | Reached *** piety under the Shining One
 63733 | Pan      | Reached **** piety under the Shining One
 63774 | Pan      | Found a runed translucent door.
 63786 | Pan      | Got a demonic rune of Zot
 64049 | Pan      | Identified the granite talisman of Fusek {rN+ SInv}
 64128 | Pan      | Reached ***** piety under the Shining One
 64767 | Pan      | Reached ****** piety under the Shining One
 64778 | Pan      | Reached skill level 15 in Invocations
 64873 | Pan      | Noticed Owacaf the pandemonium lord
 64883 | Pan      | Killed Owacaf the pandemonium lord
 65225 | Pan      | Found an exit through the horrors of the Abyss.
 65792 | Depths:1 | Escaped Pandemonium
 65949 | D:11     | Identified a +9 executioner's axe of holy wrath (a +8 heavy
                  | executioner's axe blessed by the Shining One)
 65949 | D:11     | Received a gift from the Shining One
 66100 | Pan      | Entered Pandemonium
 66314 | Pan      | Noticed Qocw the pandemonium lord
 66318 | Pan      | Killed Qocw the pandemonium lord
 66397 | Pan      | Noticed Yzxiegog the pandemonium lord
 66404 | Pan      | Killed Yzxiegog the pandemonium lord
 66536 | Pan      | Noticed Vimi the pandemonium lord
 66544 | Pan      | Killed Vimi the pandemonium lord
 66653 | Pan      | Found a runed translucent door.
 66660 | Pan      | Found a runed translucent door.
 66662 | Pan      | Noticed Byfa the pandemonium lord
 66666 | Pan      | Found a runed translucent door.
 66678 | Pan      | Found a runed translucent door.
 66685 | Pan      | Killed Byfa the pandemonium lord
 66699 | Pan      | Identified the +6 battleaxe "Xapninusapt" {drain, Fly rElec
                  | rC+ rCorr}
 66831 | Pan      | Noticed Fetapsant the pandemonium lord
 66841 | Pan      | Killed Fetapsant the pandemonium lord
 66969 | Pan      | Entered the realm of Lom Lobon.
 67351 | Pan      | Noticed Lom Lobon
 67357 | Pan      | Killed Lom Lobon
 67416 | Pan      | Got a magical rune of Zot
 67583 | Pan      | Found an exit through the horrors of the Abyss.
 67736 | Pan      | Identified the maw talisman of the Slashing Gods {Will++
                  | rCorr Dex-5 Slay+5}
 67766 | Pan      | Noticed Ucvoeh the pandemonium lord
 67774 | Pan      | Killed Ucvoeh the pandemonium lord
 67865 | Pan      | Entered the realm of Gloorx Vloq.
 68346 | Pan      | Noticed Gloorx Vloq
 68354 | Pan      | Killed Gloorx Vloq
 68388 | Pan      | Got a dark rune of Zot
 68560 | Pan      | Entered the realm of Mnoleg.
 68626 | Pan      | Reached skill level 23 in Shields
 68628 | Pan      | Noticed Mnoleg
 68639 | Pan      | Was forgiven by Okawaru
 68644 | Pan      | Killed Mnoleg
 68718 | Pan      | Got a glowing rune of Zot
 69213 | Pan      | Found an exit through the horrors of the Abyss.
 69846 | Pan      | Found a transporter.
 69909 | Pan      | Identified the +1 trident "Donibb" {freeze, rF+ Int-4
                  | Dex+5}
 70186 | Pan      | Found a corrupted altar of Lugonu.
 70201 | Pan      | Found an exit through the horrors of the Abyss.
 70539 | Pan      | Found a transporter.
 70613 | Pan      | Identified the ring "Jish" {rC+ rN+ Str+2 Dex+6}
 70741 | Pan      | Identified the +1 pair of gloves "Texexur" {Slay+6}
 70903 | Pan      | Reached skill level 24 in Shields
 71099 | Pan      | Noticed Kemab the pandemonium lord
 71107 | Pan      | Killed Kemab the pandemonium lord
 71108 | Pan      | Reached skill level 25 in Shields
 71147 | Pan      | Identified the ring of Ciwnimn {Int+5 SInv}
 71642 | Pan      | Reached skill level 26 in Shields
 71642 | Pan      | Found an exit through the horrors of the Abyss.
 71804 | Pan      | Noticed Acas the pandemonium lord
 71807 | Pan      | Killed Acas the pandemonium lord
 72065 | Pan      | Noticed Ikloy the pandemonium lord
 72080 | Pan      | Killed Ikloy the pandemonium lord
 72081 | Pan      | Reached skill level 27 in Shields
 72281 | Pan      | Found an exit through the horrors of the Abyss.
 73159 | Pan      | Noticed Ylobbana the pandemonium lord
 73177 | Pan      | Killed Ylobbana the pandemonium lord
 73426 | Pan      | Entered the realm of Cerebov.
 73808 | Pan      | Identified the +8 war axe "Ultimatum" {flame, rC+ Int+2
                  | SInv}
 73808 | Pan      | Identified the amulet of the Firefly {Faith rElec rPois
                  | rF++ Int-5}
 73932 | Pan      | Found an exit through the horrors of the Abyss.
 74192 | Pan      | Found the +6 sword of Cerebov {flame}
 74192 | Pan      | Noticed Cerebov
 74211 | Pan      | Annihilated by Cerebov

Illustrated notes

Levels and vault maps discovered:
D:1:      sevenhm_arrival_forest_fort_small_6, layout_loops_corners,
          chequers_ecumenical_altar_lobes, corexii_item_surrounded_by_moat
D:2:      layout_basic
D:3:      layout_basic
D:4:      old_forge, layout_loops_corners, grunt_temple_overflow_holy_war,
          lightli_temple_of_fire, gammafunk_ghost_split, uniq_robin
D:5:      layout_rooms, nemelex_diamond_rough_becter, nicolae_eternal_life,
          uniq_grinder, uniq_duvessa
D:6:      layout_basic, okawaru_trees_1, mainiacjoe_overflow_catwalk,
          nicolae_ossuary_entry_giza
D:7:      layout_basic, minmay_temple_entry_glassed_door, serial_shops,
          nicolae_shop_crystal
D:8:      layout_loops_ring, general_overflow_altar,
          hellmonk_ghost_happy_afterlife, kennysheep_generic_room_13,
          uniq_prince_ribbit1
D:9:      layout_stronghold
D:10:     layout_long_grid, nicolae_overflow_squiral, enter_bailey_5,
          gammafunk_ghost_arena, the_hattery
D:11:     layout_irregular_city, minmay_lair_entry_grove,
          nicolae_trove_entry_free_sample, minivault_16
D:12:     layout_cave_pools, erik_orc_1, uniq_snorg
D:13:     layout_roguey, ximxim_vaults_locker_room
D:14:     layout_basic, fedhas_altar_2, gauntlet_entry_generic
D:15:     hangedman_depths_entry_try_elsewhere_first, layout_basic
Temple:   nicolae_temple_god_jail
Lair:1:   layout_gridlike
Lair:2:   layout_cave_pods, uniq_sonja
Lair:3:   layout_long_grid, minmay_shoals_entry_centaurs,
          guppyfry_snake_entry_garden, basic_altar, uniq_urug
Lair:4:   beast_lair_carwin_large_4, layout_regular_city, basic_altar,
          infiniplex_staircase_pool_2, grunt_megastairs_3
Lair:5:   minmay_lair_end_enchanted_forest, layout_regular_city, slime_entry_1,
          hellmonk_talismancer, serial_bayou_shore_b, grunt_megastairs_2
Shoals:1: dreamdust_from_the_deep, layout_shoals,
          nicolae_shoals_dead_sea_scrolls
Shoals:2: layout_shoals, nicolae_shoals_nautilus_by_nature,
          hangedman_shoal_volcano
Shoals:3: layout_shoals, serial_shops, shop, uniq_donald
Shoals:4: shoals_end_hangedman, layout_shoals, nicolae_shoals_kraken_party
Snake:1:  layout_grid_shapes, minmay_shoptagon
Snake:2:  layout_rooms, nicolae_snake_gridmaze_swirls
Snake:3:  layout_basic, nicolae_snake_shapes
Snake:4:  johnstein_snake_rune_scales, layout_cave_town,
          nicolae_snake_gridmaze_big_u, nicolae_wooded_promenade, st_stairs_11
Slime:1:  layout_caves
Slime:2:  layout_caves
Slime:3:  layout_caves, cheibrodos_slime_lost_civilization_5
Slime:4:  layout_caves
Slime:5:  slime_pit_nicolae_trefoil
Orc:1:    layout_caves
Orc:2:    grunt_orc_gardens, layout_diamond_mine, grunt_orc_garden,
          grunt_orc_garden, grunt_orc_garden, grunt_orc_garden
Elf:1:    nicolae_elf_arrival_dilemma, layout_loops_corners,
          gammafunk_ghost_grave, special_room [special_room_mythical_zoo],
          serial_shops, shop, shop, nicolae_shop_waterfront, shop,
          nicolae_elf_theology_debate
Elf:2:    elven_hall_of_blades_hangedman_alternative [nicolae_blade_bullseye],
          layout_loops_ring, abandoned_shop
Elf:3:    elf_hall_gauntlet_wide, layout_geoelf_diagonals, serial_shops,
          nicolae_shop_peninsula, minivault_11, minmay_shop_grid_forest,
          nicolae_elf_m_pinch, uniq_louise, uniq_roxanne
Vaults:1: nicolae_vaults_network_quinsquares
          [nicolae_vaults_network_quincunx_subvault,
          nicolae_vaults_network_quincunx_subvault,
          nicolae_vaults_network_quincunx_subvault,
          nicolae_vaults_network_quincunx_subvault],
          nicolae_vaults_mini_display_case, serial_ice_b,
          ontoclasm_vaults_idyll, nicolae_vaults_weapon_check,
          layout_vaults_omnigrid, serial_shops, shop
Vaults:2: vaults_mumra_hexcomb, vaults_room_fancy_cross, nicolae_vaults_house_3,
          v_misc_27, minmay_crypt_entry_simple_corners, ontoclasm_vaults_pinch,
          ontoclasm_vaults_twist, nicolae_vaults_house_2,
          grunt_vaults_hallway_short, v_misc_2, lightli_orcish_oven,
          nicolae_vaults_storage_room_glass, nicolae_vaults_security_offices_6,
          nicolae_vaults_tetromino_Z_1, nicolae_vaults_storage_closets_1,
          nicolae_vaults_trapezoid_lopsided_1, layout_vaults_maze_bifur,
          uniq_nikola, uniq_mara, uniq_bai_suzhen
Vaults:3: nicolae_vaults_wine_cellar, v_pattern_3, hangedman_vaults_trim,
          ontoclasm_vaults_bender, v_rooms_6, v_misc_3, v_misc_10,
          nicolae_vaults_double_plus_1, nicolae_vaults_trapezoid_3,
          vaults_room_fancy_cross, ontoclasm_vaults_fault, vaults_dpeg_diagonal,
          layout_vaults_omnibox
Vaults:4: nicolae_vaults_more_shelving_1, nicolae_vaults_storage_room_water,
          nicolae_vaults_thirteen_compartments, vaults_room_ringed_pool,
          v_misc_22, nicolae_vaults_surprise_closet, vaults_room_semicircle,
          v_misc_24, v_pattern_5, v_misc_22, grunt_vaults_hallway_short,
          v_misc_29, vaults_room_grunt_arrival_checkpoint, layout_vaults_ring,
          serial_shops, shop, nicolae_shop_rolling_square,
          nicolae_shop_just_a_little_nook, shop, shop
Vaults:5
Crypt:1:  layout_rooms
Crypt:2:  layout_catacombs, serial_sigils_hangedman_gnaw, st_vampire_maze,
          grunt_megastairs_1
Crypt:3:  evilmike_haunted_forest
Tomb:1
Tomb:2
Depths:1: layout_basic, hell_entry, grunt_pan_entry_in_and_out,
          lemuel_tele_altar, abyss_entry_small_statue_room,
          nicolae_water_bricks, serial_library_hellmonk_room_b,
          corexii_corridor_pit, kennysheep_boxes
Depths:2: lemuel_minitomb, layout_basic, enter_ziggurat_d, pan_entry,
          serial_corexii_hall, chequers_hall_statues_y, corexii_hall_statues_x,
          hell_entry
Depths:3: minmay_three_patterns, layout_gridlike, abyss_entry, kennysheep_nub,
          mu_enter_wizlab_6, lightli_too_deep, yredelemnul_altar_generic,
          uniq_mennas
Depths:4: grunt_crosshair, layout_honeycomb, serial_shops,
          nicolae_shop_rolled_up, shop, rand_demon_pan_entry_4, nicolae_titane,
          pf_hell_entry_tar_river, minmay_gold_behind_fungi, drop_trap
Pan:      regret_index_pan_draining_boxed, layout_pan_divisions_a
          [pan_division_quadrant_a3, pan_division_quadrant_a1,
          pan_division_quadrant_a5, pan_division_quadrant_a6,
          pan_division_octagon_divided], evilmike_mini_pan_doors, layout_basic,
          pan_blood_fountain_small, evilmike_mini_pan_pillars_b,
          layout_stronghold, pan_blood_fountain_1, evilmike_mini_pan_diamond,
          layout_cellular_growth, evilmike_mini_pan_corridor,
          layout_pan_divisions_a [pan_division_quadrant_a4,
          pan_division_quadrant_a3, pan_division_quadrant_a6,
          pan_division_quadrant_a5, pan_division_octagon_empty], rand_demon_7,
          layout_cellular_growth, nicolae_pan_glass_arcs,
          layout_cellular_growth, lom_lobon_st, layout_grid_shapes,
          pan_blood_fountain_small, grunt_pan_spiral, layout_cellular_growth,
          nicolae_pan_lom_lobonic_2, pan_surprise, evilmike_gloorx_vloq_box,
          layout_grid_shapes, mnoleg_grunt, layout_small_grid,
          nicolae_pan_mnolegish_5, gammafunk_the_bubble
          [the_bubble_gammafunk_plus_minus], layout_gridlike,
          reaverb_pan_chaos_star, amcnicky_altar_lugonu_corruption,
          evilmike_mini_pan_V, layout_gridlike, nicolae_pan_double_arrow,
          layout_grid_shapes, evilmike_mini_pan_diamond, layout_gridlike,
          rand_demon_2, layout_small_grid, nicolae_pan_sigil_itan,
          cerebov_grunt, layout_rooms, nicolae_pan_cerebovesque_2, special_room
          [special_room_demon_pit]

Skill      XL: |  1  2  3  4  5  6  7  8  9 10 11 12 13 14 15 16 17 18 19 20 21 22 23 24 25 26 27 |
---------------+----------------------------------------------------------------------------------+-----
Fighting       | 4 5 6 7 8 10 13 14 15 17 19 20 25 | 25.0
Armour         | 4 8 12 13 14 17 18 19 24 | 24.0
Axes           | 3 5 6 7 9 10 11 13 15 16 17 18 19 24 | 24.0
Invocations    | 1 5 9 10 22 | 22.0
Evocations     | 1 5 15 | 15.0
Shields        | 7 8 12 13 14 17 19 27 | 27.0
Dodging        | 3 5 7 10 18 | 18.2
Ranged Weapons | 4 9 11 13 14 15 16 19 20 24 | 24.0
Shapeshifting  | 17 | 17.0

Action                     |  1- 3 |  4- 6 |  7- 9 | 10-12 | 13-15 | 16-18 | 19-21 | 22-24 | 25-27 || total
---------------------------+-------+-------+-------+-------+-------+-------+-------+-------+-------++-------
  Melee: War axe           |   121 |    92 |     5 |       |       |     9 |       |    22 |       ||   249
         Quarterstaff      |       |    26 |     4 |       |       |       |       |       |       ||    30
         Executioner's axe |       |       |   195 |   360 |   541 |   393 |   160 |   598 |  3425 ||  5672
         Mace              |       |       |    10 |    21 |       |       |       |       |       ||    31
         Battleaxe         |       |       |       |    20 |       |       |       |       |       ||    20
         Flail             |       |       |       |       |    39 |       |       |       |       ||    39
         Glaive            |       |       |       |       |       |       |       |    13 |       ||    13
   Fire: Triple crossbow   |       |       |     7 |   121 |   217 |   220 |   154 |   513 |   706 ||  1938
         Longbow           |       |       |       |       |       |       |       |       |   480 ||   480
  Throw: Dart              |       |     3 |     1 |     1 |     1 |       |       |     1 |       ||     7
 Invoke: Heroism           |       |       |     1 |     8 |    10 |     8 |     5 |    18 |    37 ||    87
         Receive Weapon    |       |       |       |       |     1 |       |       |       |       ||     1
         Receive Armour    |       |       |       |       |     1 |       |       |       |       ||     1
         Finesse           |       |       |       |       |     1 |     2 |     1 |    10 |    21 ||    35
         Divine Shield     |       |       |       |       |       |       |       |       |    17 ||    17
         Cleansing Flame   |       |       |       |       |       |       |       |       |     4 ||     4
         Summon Divine War |       |       |       |       |       |       |       |       |     3 ||     3
         Brand Weapon With |       |       |       |       |       |       |       |       |     1 ||     1
Ability: Dig               |       |       |       |     1 |       |     2 |     1 |     2 |    19 ||    25
         Shaft Self        |       |       |       |       |     1 |       |       |       |       ||     1
  Evoke: Wand              |       |       |       |     1 |     2 |     1 |       |       |       ||     4
         Tin of tremorston |       |       |       |       |       |       |       |     3 |       ||     3
    Use: Scroll            |       |       |     5 |     9 |     4 |    11 |     1 |    13 |    10 ||    53
         Potion            |       |       |       |     1 |       |     2 |     3 |     1 |    10 ||    17
   Stab: Distracted        |       |       |       |     1 |    12 |    15 |     2 |    15 |    48 ||    93
         Petrified         |       |       |       |       |       |     2 |       |       |       ||     2
 Armour: Scale mail        |    97 |    17 |       |   111 |   121 |       |       |       |       ||   346
         Plate armour      |       |    78 |   202 |   289 |   410 |   349 |   196 |   518 |   955 ||  2997
         Skin              |       |       |       |       |       |       |       |       |   499 ||   499
  Dodge: Dodged            |    66 |    43 |    49 |   140 |   150 |    95 |    56 |   257 |   876 ||  1732
  Block: Buckler           |    40 |    22 |       |       |       |       |       |       |       ||    62
         Kite shield       |       |    14 |   118 |   282 |     2 |    61 |   153 |   611 |   395 ||  1636
         Tower shield      |       |       |       |       |   672 |   445 |       |       |  2500 ||  3617
         Reflection        |       |       |       |       |       |     7 |    33 |   144 |    58 ||   242
         Form:             |       |       |       |       |       |       |       |       |     7 ||     7
         Statue            |       |       |       |       |       |       |       |       |     7 ||     7

Table legend: (Time is in decaauts)
 A = Elapsed time spent in this place.
 B = Non-inter-level travel time spent in this place.
 C = Inter-level travel time spent in this place.
 D = Time resting spent in this place.
 E = Time spent auto-exploring this place.
 F = Levels seen in this place.
 G = Mean time per level.
                   A        B        C        D        E       F      G
               +--------+--------+--------+--------+--------+-----+--------+
         Total |  78056 |  70609 |   7447 |    315 |  51848 |  81 |  963.7 |
       Dungeon |  17680 |  14630 |   3050 |      4 |  11348 |  15 | 1178.7 |
        Temple |     23 |     17 |      6 |      0 |      0 |   1 |   23.0 |
          Lair |   6656 |   5946 |    710 |     31 |   4456 |   5 | 1331.2 |
        Shoals |   4666 |   4376 |    290 |     65 |   3115 |   4 | 1166.5 |
     Snake Pit |   4322 |   4127 |    195 |      0 |   2996 |   4 | 1080.5 |
    Slime Pits |   3103 |   2939 |    164 |      0 |   2443 |   5 |  620.6 |
  Orcish Mines |   1501 |   1266 |    235 |      0 |    954 |   2 |  750.5 |
   Elven Halls |   4262 |   3962 |    300 |      0 |   2867 |   3 | 1420.7 |
        Vaults |   8047 |   7135 |    912 |    206 |   5284 |   5 | 1609.4 |
         Crypt |   4163 |   3515 |    648 |      0 |   2582 |   3 | 1387.7 |
          Tomb |   2877 |   2423 |    454 |      9 |   1711 |   2 | 1438.5 |
        Depths |   5101 |   4622 |    479 |      0 |   3596 |   4 | 1275.2 |
         Abyss |   1727 |   1727 |      0 |      0 |    919 |   6 |  287.8 |
   Pandemonium |  11736 |  11736 |      0 |      0 |   8113 |  17 |  690.4 |
         Trove |     83 |     83 |      0 |      0 |      5 |   1 |   83.0 |
       Ossuary |    467 |    467 |      0 |      0 |    364 |   1 |  467.0 |
        Bailey |    528 |    528 |      0 |      0 |    344 |   1 |  528.0 |
        Wizlab |    453 |    453 |      0 |      0 |    300 |   1 |  453.0 |
      Gauntlet |    654 |    654 |      0 |      0 |    445 |   1 |  654.0 |
               +--------+--------+--------+--------+--------+-----+--------+

Top non-repeatable levels by time:
 Crypt:3: 2316 daAuts
  Tomb:1: 2280 daAuts
Vaults:4: 2078 daAuts
  Lair:5: 1879 daAuts
     D:4: 1836 daAuts
   Elf:1: 1774 daAuts
    D:13: 1688 daAuts
Vaults:2: 1667 daAuts
    D:15: 1623 daAuts
 Snake:4: 1574 daAuts
Vaults:1: 1561 daAuts
Vaults:3: 1561 daAuts
Shoals:1: 1369 daAuts
   Elf:3: 1364 daAuts
Shoals:4: 1361 daAuts
